 Dungeon Sprint DCSS version 0.21.1-1-g345015f (webtiles) character file.

273 sankara the Cleaver (level 6, 0/66 HPs)
             Began as a Deep Dwarf Fighter on Apr 4, 2018.
             Slain by a slime creature (1 damage)
             ... in the Dungeon (Sprint I: "Red Sonja").
             The game lasted 00:01:53 (219 turns).

sankara the Cleaver (Deep Dwarf Fighter)             Turns: 219, Time: 00:01:53

Health: 0/66       AC:  7    Str: 22    XL:     6   Next: 3%
Magic:  5/5        EV:  7    Int:  8    God:
Gold:   162        SH: 10    Dex: 12    Spells: 5/5 levels left

rFire    . . .     SeeInvis .   a - +0 war axe
rCold    . . .     Gourm    .   c - +0 shield
rNeg     . . .     Faith    .   b - +0 scale mail
rPois    .         Spirit   .   (no helmet)
rElec    .         Reflect  .   (no cloak)
rCorr    .         Harm     .   (no gloves)
MR       .....     NoTele   +   (no boots)
Stlth    ..........             (no amulet)
HPRegen  0.00/turn              (no ring)
MPRegen  0.09/turn              (no ring)

@: non-regenerating
A: damage resistance, heal wounds, sense surroundings 1, no regeneration
a: Heal Wounds


You were in the Dungeon.
You were not hungry.

You visited 1 branch You collected 162 gold pieces.

Inventory:

Hand Weapons
 a - a +0 war axe (weapon)
Armour
 b - a +0 scale mail (worn)
 c - a +0 shield (worn)
Scrolls
 k - a scroll of blinking {!r}
Potions
 d - a potion of might
 e - a potion of curing
 g - a potion of heal wounds
 h - a potion of haste
 i - 2 potions of magic
Comestibles
 f - a ration
 j - 4 chunks of flesh {@w0}


   Skills:
 + Level 7.0 Fighting
 * Level 10.5 Axes
 - Level 4.5 Armour
 - Level 4.5 Shields


You had 5 spell levels left.
You didn't know any spells.

Dungeon Overview and Level Annotations

Branches:
Dungeon (1/1)

Altars:
Makhleb
Xom
Jiyva
Lugonu


Innate Abilities, Weirdness & Mutations

You are resistant to damage.
You can heal yourself by infusing magical energy.
You passively map a small area around you.
You do not regenerate.


Message History

Sigmund flickers and vanishes!
Deactivating autopickup; reactivate with Ctrl-A.
You miss something. You block something's attack.
You miss something. Something hits you!
You miss something. You slash something! You block something's attack.
Your shield and scale mail prevent you from hitting something.
You block something's attack.
You closely miss something. Something hits you.
You closely miss something.
You recover from your berserk rage.
Something hits you.
You miss something. You barely miss something.
You hear some strange, mumbled words.
Something tries to affect you, but you resist.
You hit something. Something hits you but does no damage.
You slash something! Something hits you!
You barely miss something. You block something's attack.
You hit something. Something hits you.
You miss something. You closely miss something. Something hits you!
* * * LOW HITPOINT WARNING * * *
You slash something!
Reactivating autopickup.
Your Fighting skill gained 2 levels and is now at level 7!
Your Axes skill gained 3 levels and is now at level 10!
You have reached level 5!
You have reached level 6!
Your experience leads to an increase in your attributes!
Increase (S)trength, (I)ntelligence, or (D)exterity?
You feel stronger.
You feel a bit more experienced.
Things that are here:
a scythe; a robe; the human corpse of Sigmund You butcher the human corpse of Sigmund.
j - 4 chunks of flesh {@w0} (gained 1)
Things that are here:
a scythe; a robe You start waiting.
Done waiting.
You open the door.
There is an open door here.
You now have 81 gold pieces (gained 27).
You now have 108 gold pieces (gained 27).
You now have 135 gold pieces (gained 27).
You now have 162 gold pieces (gained 27).
You open the door.
A slime creature comes into view.
The slime creature quivers.
Found four altars.
Okay, then.
Okay, then.
You feel much better.
You slash the slime creature!
The slime creature is lightly wounded.
You block the slime creature's attack.
Your shield prevents you from hitting the slime creature.
The slime creature is lightly wounded.
The slime creature barely misses you.
Your shield and scale mail prevent you from hitting the slime creature.
The slime creature is lightly wounded.
The slime creature hits you!
You hit the slime creature.
The slime creature is lightly wounded.
The slime creature hits you!
* * * LOW HITPOINT WARNING * * *
You hit the slime creature.
The slime creature is lightly wounded.
The slime creature hits you but does no damage.
The slime creature barely misses you.
You hit the slime creature.
The slime creature is lightly wounded.
You block the slime creature's attack.
You slash the slime creature!
The slime creature is moderately wounded.
The slime creature hits you!
* * * LOW HITPOINT WARNING * * *
Your magical essence is drained by the effort!
You feel much better. You block the slime creature's attack.
You hit the slime creature.
The slime creature is heavily wounded.
The slime creature hits you!!
You hit the slime creature.
The slime creature is heavily wounded.
The slime creature hits you!
* * * LOW HITPOINT WARNING * * *
You slash the slime creature!
The slime creature is severely wounded.
You block the slime creature's attack.
You slash the slime creature!
The slime creature is severely wounded.
The slime creature hits you.
* * * LOW HITPOINT WARNING * * *
You hit the slime creature but do no damage.
The slime creature is severely wounded.
The slime creature hits you!
* * * LOW HITPOINT WARNING * * *
You fail to use your ability.
The slime creature hits you.
You die...

################*##
#<.#..)..#..'..#__#
,
#..'[.#..').#.@J..+,
,
#..#####'#####+#__#
#..# #..# *## * #..#
#### ≈ , #..# _ * ≈
, #⌠⌠#_,∩,, _ ≈ ####
_ _ * * , , + * * *
* * * *


You could see a slime creature.

Vanquished Creatures
  Sigmund (D)
  An ogre (D)
  Ijyb (D)
3 creatures vanquished.

Notes
Turn   | Place    | Note
-------+----------+-------------------------------------------
     0 | D        | sankara the Deep Dwarf Fighter began the quest for the Orb.
     0 | D        | Reached XP level 1. HP: 20/20 MP: 1/1
     1 | D        | Noticed Ijyb
    25 | D        | Killed Ijyb
    25 | D        | Reached skill level 3 in Fighting
    25 | D        | Reached skill level 3 in Axes
    25 | D        | Reached skill level 4 in Armour
    25 | D        | Reached skill level 4 in Shields
    25 | D        | Reached XP level 2. HP: 30/30 MP: 2/2
    28 | D        | Noticed an ogre
    31 | D        | Killed an ogre
    31 | D        | Reached skill level 5 in Fighting
    31 | D        | Reached skill level 7 in Axes
    31 | D        | Reached XP level 3. HP: 39/39 MP: 3/3
    31 | D        | Reached XP level 4. HP: 46/46 MP: 4/4
    67 | D        | Noticed Sigmund
    87 | D        | HP: 8/46 [something (10)]
    88 | D        | Killed Sigmund
    88 | D        | Reached skill level 7 in Fighting
    88 | D        | Reached skill level 10 in Axes
    88 | D        | Reached XP level 5. HP: 9/57 MP: 5/5
    88 | D        | Reached XP level 6. HP: 11/66 MP: 6/6
   204 | D        | Found a burning altar of Makhleb.
   204 | D        | Found a viscous altar of Jiyva.
   204 | D        | Found a shimmering altar of Xom.
   204 | D        | Found a corrupted altar of Lugonu.
   204 | D        | Noticed a slime creature
   209 | D        | HP: 12/66 [slime creature (16)]
   212 | D        | HP: 5/66 [slime creature (7)]
   217 | D        | HP: 7/66 [slime creature (5)]
   218 | D        | HP: 1/66 [slime creature (6)]
   219 | D        | Slain by a slime creature

Skill      XL: |  1  2  3  4 |
---------------+-------------+-----
Fighting       | 3 5 7 |  7.0
Axes           | 3 7 10 | 10.5
Armour         | 4 |  4.5
Shields        | 4 |  4.5

Action                   |  1- 3 |  4- 6 || total
-------------------------+-------+-------++-------
Melee: War axe           |    25 |    32 ||    57
 Abil: Heal Wounds       |       |     2 ||     2
  Use: Potion            |     1 |       ||     1
Armor: Scale mail        |    13 |     2 ||    15
Dodge: Dodged            |    10 |     2 ||    12
Block: Shield            |     7 |    10 ||    17

Vault maps used:
D:        dungeon_sprint_1

Table legend:
 A = Turns spent in this place as a percentage of turns spent in the entire game.
 B = Non-inter-level travel turns spent in this place as a percentage of non-inter-level travel turns spent in the entire game.
 C = Inter-level travel turns spent in this place as a percentage of turns spent in this place.
 D = Turns resting spent in this place as a percentage of non-inter-level travel turns spent in this place.
 E = Turns spent auto-exploring this place as a percentage of non-inter-level travel turns spent in this place.
 F = Non-inter-level travel turns spent in this place divided by the number of levels of this place that you've seen.
                   A       B       C       D       E      F
               +-------+-------+-------+-------+-------+----------------------
         Total | 100.0 | 100.0 |   0.0 |  56.2 |   0.0 | 219.0
       Dungeon | 100.0 | 100.0 |   0.0 |  56.2 |   0.0 | 219.0
               +-------+-------+-------+-------+-------+----------------------

Table legend:
 A = Kills in this place as a percentage of kills in entire the game.
 B = Kills by you in this place as a percentage of kills by you in the entire game.
 C = Kills by friends in this place as a percentage of kills by friends in the entire game.
 D = Other kills in this place as a percentage of other kills in the entire game.
 E = Experience gained in this place as a percentage of experience gained in the entire game.
 F = Experience gained in this place divided by the number of levels of this place that you have seen.
                   A       B       C       D       E      F
               +-------+-------+-------+-------+-------+----------------------
         Total | 100.0 | 100.0 |   N/A |   N/A | 100.0 | 391.0
       Dungeon | 100.0 | 100.0 |   N/A |   N/A | 100.0 | 391.0
               +-------+-------+-------+-------+-------+----------------------
